EL
MISSISSIPPI BRAVES @ MOBILE BAYBEARS
07/24/2048
 
TOP OF THE 1ST
Mississippi Braves batting - Pitching for Mobile BayBears : LHP Jesus Gallegos
Pitching: LHP Jesus Gallegos
Batting: RHB Hieronim Rutkowski 0-0: Ball
1-0: Foul Ball, location: 2F
1-1: Ball
2-1: Foul Ball, location: 2F
2-2: Ball
3-2: Strikes out looking
Batting: RHB Justin Reich 0-0: Ball
1-0: Ball
2-0: Ball
3-0: Called Strike
3-1: Base on Balls
Batting: RHB Zheng-ze King 0-0: Ball
1-0: Reached on error, E1 (Groundball, 13S, EV 68.1 MPH)
Justin Reich to second
Batting: RHB Yojiro Hayashi 0-0: Ball
1-0: Ball
2-0: Ball
3-0: Called Strike
3-1: Base on Balls
Justin Reich to third
Zheng-ze King to second
Batting: RHB Luis Restrepo 0-0: Foul Ball, location: 2F
0-1: Ball
1-1: Foul Ball, location: 2F
1-2: Fly out, F4 (Popup, 34D, EV 55.0 MPH)
Batting: LHB Art D'Ascenzo 0-0: Ball
1-0: Swinging Strike
1-1: Swinging Strike
1-2: Strikes out swinging
Top of the 1st over - 0 runs, 0 hits, 1 error, 3 left on base; Mississippi 0 - Mobile 0
BOTTOM OF THE 1ST
Mobile BayBears batting - Pitching for Mississippi Braves : RHP Orlando Velazquez
Pitching: RHP Orlando Velazquez
Batting: RHB Carlos Ballesteros 0-0: Foul Ball, location: 2F
0-1: Ball
1-1: Swinging Strike
1-2: Strikes out swinging
Batting: LHB Koson Hirai 0-0: Called Strike
0-1: Swinging Strike
0-2: Ball
1-2: Ball
2-2: Fly out, F5 (Popup, 25F, EV 81.2 MPH)
Batting: LHB Soo-yeon Kym 0-0: Foul Ball, location: 2F
0-1: Ground out 5-3 (Groundball, 5, EV 86.2 MPH)
Bottom of the 1st over - 0 runs, 0 hits, 0 errors, 0 left on base; Mississippi 0 - Mobile 0
TOP OF THE 2ND
Mississippi Braves batting - Pitching for Mobile BayBears : LHP Jesus Gallegos
Batting: SHB Jose Melendez 0-0: Called Strike
0-1: Called Strike
0-2: Foul Ball, location: 2F
0-2: Ground out 3-1 (Groundball, 34, EV 90.0 MPH)
Batting: LHB Sal Fernandez 0-0: Ball
1-0: Ground out 4-3 (Groundball, 4, EV 80.0 MPH)
Batting: LHB Cesar Arteaga 0-0: SINGLE (Line Drive, 89S, EV 98.8 MPH)
Batting: RHB Hieronim Rutkowski 0-0: Ball
1-0: Foul Ball, location: 2F
1-1: Fly out, F8 (Line Drive, 8LM, EV 88.1 MPH)
Top of the 2nd over - 0 runs, 1 hit, 0 errors, 1 left on base; Mississippi 0 - Mobile 0
BOTTOM OF THE 2ND
Mobile BayBears batting - Pitching for Mississippi Braves : RHP Orlando Velazquez
Batting: RHB Blake Beale 0-0: Called Strike
0-1: Ball
1-1: Called Strike
1-2: Ball
2-2: Ball
3-2: Base on Balls
Batting: RHB Chris Bittner 0-0: Called Strike
0-1: Ball
1-1: Called Strike
1-2: Ball
2-2: Ball
3-2: Base on Balls
Blake Beale to second
Batting: RHB Josh Burrows 0-0: Called Strike
0-1: Ground out 5-3 (Groundball, 56S, EV 66.9 MPH)
Blake Beale to third
Chris Bittner to second
Batting: RHB Paul Schreiber 0-0: Foul Ball, location: 2F
0-1: Foul Ball, location: 2F
0-2: SINGLE (Line Drive, 8LS, EV 89.4 MPH)
Blake Beale scores
Chris Bittner to third
Batting: RHB Franklin Villanueva 0-0: Foul Ball, location: 2F
0-1: Ball
1-1: Ball
2-1: Swinging Strike
2-2: Strikes out looking
Batting: RHB Yasuo Nakata 0-0: Called Strike
0-1: Foul Ball, location: 2F
0-2: Strikes out swinging
Bottom of the 2nd over - 1 run, 1 hit, 0 errors, 2 left on base; Mississippi 0 - Mobile 1
TOP OF THE 3RD
Mississippi Braves batting - Pitching for Mobile BayBears : LHP Jesus Gallegos
Batting: RHB Justin Reich 0-0: Ball
1-0: Ball
2-0: Ball
3-0: Called Strike
3-1: Base on Balls
Batting: RHB Zheng-ze King 0-0: Swinging Strike
0-1: Foul Ball, location: 2F
0-2: Ball
1-2: Ball
2-2: Fly out, F4 (Flyball, 4D, EV 87.5 MPH)
Batting: RHB Yojiro Hayashi 0-0: Grounds into double play, 5-4-3 (Groundball, 5, EV 103.8 MPH)
Top of the 3rd over - 0 runs, 0 hits, 0 errors, 0 left on base; Mississippi 0 - Mobile 1
BOTTOM OF THE 3RD
Mobile BayBears batting - Pitching for Mississippi Braves : RHP Orlando Velazquez
Batting: RHB Carlos Ballesteros 0-0: Ball
1-0: SINGLE (Line Drive, 4D, EV 98.1 MPH)
Batting: LHB Koson Hirai 0-0: Called Strike
0-1: Swinging Strike
0-2: Ball
1-2: Foul Ball, location: 2F
1-2: Ball
2-2: Strikes out swinging
Batting: LHB Soo-yeon Kym 0-0: Ball
1-0: Called Strike
1-1: Swinging Strike
1-2: Strikes out looking
Batting: RHB Blake Beale 0-0: Called Strike
0-1: Swinging Strike
0-2: Ball
1-2: Fly out, F7 (Flyball, 7, EV 95.0 MPH)
Bottom of the 3rd over - 0 runs, 1 hit, 0 errors, 1 left on base; Mississippi 0 - Mobile 1
TOP OF THE 4TH
Mississippi Braves batting - Pitching for Mobile BayBears : LHP Jesus Gallegos
Batting: RHB Luis Restrepo 0-0: Ball
1-0: Called Strike
1-1: Ground out 5-3 (Groundball, 5, EV 89.4 MPH)
Batting: LHB Art D'Ascenzo 0-0: Ball
1-0: Ball
2-0: Foul Ball, location: 2F
2-1: Called Strike
2-2: Foul Ball, location: 2F
2-2: Strikes out looking
Batting: SHB Jose Melendez 0-0: Ball
1-0: Foul Ball, location: 2F
1-1: Ball
2-1: Foul Ball, location: 2F
2-2: Strikes out swinging
Top of the 4th over - 0 runs, 0 hits, 0 errors, 0 left on base; Mississippi 0 - Mobile 1
BOTTOM OF THE 4TH
Mobile BayBears batting - Pitching for Mississippi Braves : RHP Orlando Velazquez
Batting: RHB Chris Bittner 0-0: Ball
1-0: Fly out, F3 (Popup, 3F, EV 67.5 MPH)
Batting: RHB Josh Burrows 0-0: Foul Ball, location: 2F
0-1: Ground out 4-3 (Groundball, 4, EV 88.1 MPH)
Batting: RHB Paul Schreiber 0-0: Ball
1-0: Fly out, F9 (Flyball, 9D, EV 76.2 MPH)
Bottom of the 4th over - 0 runs, 0 hits, 0 errors, 0 left on base; Mississippi 0 - Mobile 1
TOP OF THE 5TH
Mississippi Braves batting - Pitching for Mobile BayBears : LHP Jesus Gallegos
Batting: LHB Sal Fernandez 0-0: Called Strike
0-1: Ball
1-1: Called Strike
1-2: Ball
2-2: Foul Ball, location: 2F
2-2: Ball
3-2: Ground out 4-3 (Groundball, 4D, EV 101.2 MPH)
Batting: LHB Cesar Arteaga 0-0: SINGLE (Groundball, P, EV 80.0 MPH) (infield hit)
Batting: RHB Hieronim Rutkowski 0-0: Ball
1-0: Ball
2-0: Grounds into double play, 6-4-3 (Groundball, 6, EV 90.6 MPH)
Top of the 5th over - 0 runs, 1 hit, 0 errors, 0 left on base; Mississippi 0 - Mobile 1
BOTTOM OF THE 5TH
Mobile BayBears batting - Pitching for Mississippi Braves : RHP Orlando Velazquez
Batting: RHB Franklin Villanueva 0-0: Called Strike
0-1: Ball
1-1: Ground out 6-3 (Groundball, 6M, EV 85.6 MPH)
Batting: RHB Yasuo Nakata 0-0: Called Strike
0-1: Called Strike
0-2: Ball
1-2: Ground out 6-3 (Groundball, 6M, EV 82.5 MPH)
Batting: RHB Carlos Ballesteros 0-0: Ball
1-0: Called Strike
1-1: Ball
2-1: Called Strike
2-2: Foul Ball, location: 2F
2-2: Strikes out swinging
Bottom of the 5th over - 0 runs, 0 hits, 0 errors, 0 left on base; Mississippi 0 - Mobile 1
TOP OF THE 6TH
Mississippi Braves batting - Pitching for Mobile BayBears : LHP Jesus Gallegos
Batting: RHB Justin Reich 0-0: Ball
1-0: Ball
2-0: Ground out 1-3 (Groundball, 15, EV 73.8 MPH)
Batting: RHB Zheng-ze King 0-0: Ball
1-0: Ball
2-0: Ball
3-0: Base on Balls
DELAY Rain delay of 73 minutes in the 6th inning.
Pitching: RHP Jason Hammons
Batting: RHB Yojiro Hayashi 0-0: Ball
Zheng-ze King steals 2nd base
1-0: Swinging Strike
1-1: Fly out, F8 (Flyball, 8LM, EV 88.1 MPH)
Runner from 2nd tags up, SAFE at 3rd with throw by CF
Batting: RHB Luis Restrepo 0-0: Ball
1-0: Swinging Strike
1-1: Ball
2-1: SINGLE (Groundball, 5S, EV 63.8 MPH) (infield hit)
Zheng-ze King scores
Batting: LHB Art D'Ascenzo 0-0: 2-RUN HOME RUN (Flyball, 9LD, EV 95.0 MPH), Distance : 372 ft
Batting: SHB Jose Melendez 0-0: Called Strike
0-1: Ball
1-1: Swinging Strike
1-2: Ground out 4-3 (Groundball, 4M, EV 100.0 MPH)
Top of the 6th over - 3 runs, 2 hits, 0 errors, 0 left on base; Mississippi 3 - Mobile 1
BOTTOM OF THE 6TH
Mobile BayBears batting - Pitching for Mississippi Braves : RHP Orlando Velazquez
Pitching: RHP Gordon Cushing
Batting: LHB Koson Hirai 0-0: Fly out, F8 (Flyball, 8LD, EV 103.8 MPH)
Batting: LHB Soo-yeon Kym 0-0: Ball
1-0: Ball
2-0: Ball
3-0: Called Strike
3-1: Base on Balls
Batting: RHB Blake Beale 0-0: Fly out, F7 (Flyball, 7D, EV 80.0 MPH)
Batting: RHB Chris Bittner 0-0: Ball
1-0: Foul Ball, location: 2F
1-1: DOUBLE (Line Drive, 7LS, EV 89.4 MPH)
Soo-yeon Kym to third
Runner from 3rd tries for Home, SAFE, throw by LF to trailing runner, SAFE at third!
Batting: RHB Josh Burrows 0-0: Ball
1-0: Called Strike
1-1: Foul Ball, location: 2F
1-2: Ball
2-2: Ball
3-2: Base on Balls
Batting: RHB Paul Schreiber 0-0: Called Strike
0-1: Ground out 4-3 (Groundball, 34D, EV 100.6 MPH)
Bottom of the 6th over - 1 run, 1 hit, 0 errors, 2 left on base; Mississippi 3 - Mobile 2
TOP OF THE 7TH
Mississippi Braves batting - Pitching for Mobile BayBears : RHP Jason Hammons
Pitching: LHP Ricky Ramirez
Batting: LHB Sal Fernandez 0-0: Called Strike
0-1: Ball
1-1: Foul Ball, location: 2F
1-2: Ground out U3 (Groundball, 3, EV 78.1 MPH)
Batting: LHB Cesar Arteaga 0-0: Foul Ball, location: 2F
0-1: Swinging Strike
0-2: Foul Ball, location: 2F
0-2: Ball
1-2: Strikes out looking
Pitching: LHP Heath Henderson
Batting: RHB Hieronim Rutkowski 0-0: Foul Ball, location: 2F
0-1: Called Strike
0-2: Ball
1-2: Strikes out swinging
Top of the 7th over - 0 runs, 0 hits, 0 errors, 0 left on base; Mississippi 3 - Mobile 2
BOTTOM OF THE 7TH
Mobile BayBears batting - Pitching for Mississippi Braves : RHP Gordon Cushing
Pitching: RHP Thomas Crowner
Now at 1B: Hieronim Rutkowski
Now at SS: Alex Velasquez
Batting: RHB Franklin Villanueva 0-0: Ball
1-0: Foul Ball, location: 2F
1-1: Hit by Pitch
Batting: RHB Yasuo Nakata 0-0: Called Strike
0-1: Ball
1-1: Foul Ball, location: 2F
1-2: Ball
2-2: Strikes out swinging
Batting: RHB Carlos Ballesteros 0-0: Ball
1-0: Called Strike
1-1: Ball
2-1: Ball
3-1: Base on Balls
Franklin Villanueva to second
Batting: LHB Koson Hirai 0-0: Foul Ball, location: 2F
0-1: Foul Ball, location: 2F
0-2: Foul Ball, location: 2F
0-2: Ball
1-2: Fly out, F8 (Flyball, 8RXD, EV 86.9 MPH)
Runner from 2nd tags up, SAFE at 3rd, no throw by CF
Batting: LHB Soo-yeon Kym 0-0: Fielders Choice at 2nd, 6-4 (Groundball, 6, EV 80.0 MPH)
Bottom of the 7th over - 0 runs, 0 hits, 0 errors, 2 left on base; Mississippi 3 - Mobile 2
TOP OF THE 8TH
Mississippi Braves batting - Pitching for Mobile BayBears : LHP Heath Henderson
Batting: RHB Justin Reich 0-0: Ball
1-0: Ball
2-0: Ball
3-0: Called Strike
3-1: Called Strike
3-2: Base on Balls
Batting: RHB Zheng-ze King 0-0: Ball
1-0: Fly out, F8 (Flyball, 89S, EV 97.5 MPH)
Batting: RHB Yojiro Hayashi 0-0: Called Strike
0-1: Fielders Choice at 2nd, 4-6 (Groundball, 4M, EV 108.1 MPH)
Batting: RHB Alex Velasquez 0-0: Ball
1-0: Ball
2-0: Called Strike
2-1: Foul Ball, location: 2F
2-2: Ball
Yojiro Hayashi is caught stealing 2nd base 2-4
Top of the 8th over - 0 runs, 0 hits, 0 errors, 0 left on base; Mississippi 3 - Mobile 2
BOTTOM OF THE 8TH
Mobile BayBears batting - Pitching for Mississippi Braves : RHP Thomas Crowner
Now at 3B: Adrian Billups
Now at SS: Alex Velasquez
Batting: RHB Blake Beale 0-0: Ball
1-0: Ball
2-0: Ground out 5-3 (Groundball, 56, EV 91.9 MPH)
Batting: RHB Chris Bittner 0-0: Ball
1-0: SINGLE (Line Drive, 9LD, EV 99.4 MPH)
Batting: RHB Josh Burrows 0-0: Called Strike
0-1: Ball
1-1: Ball
2-1: Swinging Strike
2-2: Fielders Choice at 2nd, 2-4 (Groundball, 2L, EV 65.0 MPH)
Batting: RHB Paul Schreiber 0-0: Ball
1-0: Ball
2-0: Ball
3-0: Ground out 4-3 (Groundball, 4, EV 83.8 MPH)
Bottom of the 8th over - 0 runs, 1 hit, 0 errors, 1 left on base; Mississippi 3 - Mobile 2
TOP OF THE 9TH
Mississippi Braves batting - Pitching for Mobile BayBears : LHP Heath Henderson
Pitching: RHP Rick Foster
Batting: RHB Alex Velasquez 0-0: Ground out 6-3 (Groundball, 6, EV 86.9 MPH)
Batting: LHB Art D'Ascenzo 0-0: Ball
1-0: Called Strike
1-1: Swinging Strike
1-2: Fly out, F8 (Flyball, 8RD, EV 103.8 MPH)
Batting: SHB Jose Melendez 0-0: Called Strike
0-1: Ball
1-1: Ball
2-1: Ground out 6-3 (Groundball, 6, EV 84.4 MPH)
Top of the 9th over - 0 runs, 0 hits, 0 errors, 0 left on base; Mississippi 3 - Mobile 2
BOTTOM OF THE 9TH
Mobile BayBears batting - Pitching for Mississippi Braves : RHP Thomas Crowner
Pitching: LHP Fred Kelly
Batting: RHB Franklin Villanueva 0-0: Ball
1-0: Called Strike
1-1: SINGLE (Groundball, 6MD, EV 103.8 MPH)
Batting: RHB Yasuo Nakata 0-0: Called Strike
0-1: Swinging Strike
0-2: Strikes out swinging
Batting: RHB Carlos Ballesteros 0-0: SINGLE (Groundball, 56, EV 99.4 MPH)
Franklin Villanueva to second
Pinch Hitting: RHB Will Washburn 0-0: Ball
1-0: Swinging Strike
1-1: Swinging Strike
1-2: Ball
2-2: Foul Ball, location: 2F
2-2: Strikes out swinging
Batting: LHB Soo-yeon Kym 0-0: SINGLE (Line Drive, 3D, EV 96.9 MPH)
Franklin Villanueva to third
Carlos Ballesteros to second
Runner from 3rd tries for Home, throw by RF and OUT! 9-2
Bottom of the 9th over - 0 runs, 3 hits, 0 errors, 2 left on base; Mississippi 3 - Mobile 2
Tuesday, March 28th , 2023 - OOTP Baseball 23.10 Build 110